Map: Frost LE

Players

Inktrace - Winner!

  • Race: Zerg Zerg
  • League: Platinum

Tenonee

  • Race: Terran Terran

VOD

Have the link to the VOD?

Description

Time

  • Played on: July 16, 2016, 9:28 a.m.
  • Length: 3:46
Show
View Real Time Build Order
Export as new Build Order

Inktrace Zerg - Winner!

Build Orders: Hatch First 

Get SALT Encoding   

  12  0:01  Drone  
  13  0:13  Overlord  
  13  0:18  Drone  
  14  0:31  Drone  
  14  0:32  Drone  
  16  0:35  Drone  
  17  0:56  Hatchery  
  16  0:59  Drone  
  16  1:00  Extractor  
  16  1:13  Spawning Pool  
  16  1:17  Drone  
  16  1:21  Drone  
  17  1:25  Drone  
  17  1:31  Drone  
  19  1:41  Overlord  
  19  2:05  Queen  
  19  2:07  Metabolic Boost  
  21  2:09  Queen  
  21  2:12  Zergling x4  
  25  2:19  Zergling x4  
  27  2:25  Zergling x4  
  29  2:34  Baneling Nest  
  28  2:42  Zergling x4  
  28  2:43  Zergling x2  
  31  2:51  Drone x2  
  33  3:10  Drone x3  
Show
View Real Time Build Order
Export as new Build Order

Tenonee Terran 

Build Orders: Reaper Expand 

Get SALT Encoding   

  12  0:03  SCV  
  13  0:15  SCV  
  13  0:18  Supply Depot  
  14  0:28  SCV  
  15  0:40  SCV  
  15  0:42  Barracks  
  16  0:49  Refinery  
  16  0:53  SCV  
  17  1:05  SCV  
  18  1:17  SCV  
  19  1:30  Orbital Command  
  19  1:33  Reaper  
  19  1:37  Supply Depot  
  20  1:55  SCV  
  20  2:01  Command Center  
  21  2:10  SCV  
  21  2:14  Marine  
  23  2:16  Factory  
  23  2:23  SCV  
  24  2:35  Marine, SCV  
  26  2:47  SCV  
  26  2:48  Barracks  
  27  2:52  Marine  
  28  2:59  SCV  
  28  3:02  Hellion  
  31  3:12  SCV  
  32  3:18  Barracks Tech Lab  
Tags
 
Add a new tag
Caveats
  • Supply blocks, unpowered buildings, or Contaminate may cause inaccurate times.
  • Supply counts are checked every 10 seconds.